 Dungeon Crawl Stone Soup version 0.31-a0-833-gc15d34cb79 (webtiles) character file.

Game seed: 18360134184189183979

10409 ipx the Carver (level 11, -10/60 HPs)
             Began as a Vine Stalker Gladiator on Sept 25, 2023.
             Was a Believer of Ashenzari.
             Mangled by a slime creature (13 damage)
             ... on level 12 of the Dungeon.
             The game lasted 01:02:21 (3651 turns).

ipx the Carver (Vine Stalker Gladiator)             Turns: 3651, Time: 01:02:22

Health: -10/60     AC: 14    Str: 20    XL:     11   Next: 61%
Magic:  0/30       EV: 13    Int:  8    God:    Ashenzari [**....]
Gold:   396        SH:  0    Dex: 17    Spells: 10/10 levels left

rFire   . . .        a - +3 scimitar (freeze)
rCold   . . .        (no shield)
rNeg    . . .        u - +0 swamp dragon scales "Sorrow of Ashenzari" {rPois, Melee, Bglg} (curse)
rPois   +            c - +0 helmet "Gnosis of Ashenzari" {Cun, Fort} (curse)
rElec   .            (no cloak)
rCorr   .            k - +0 pair of gloves
SInv    +            D - +2 pair of boots
Will    +....        (no amulet)
Stlth   +            P - ring "Restrained Vision" {MP+9, Fort, Comp} (curse)
HPRegen 1.10/turn    M - ring of the Shattered Omen {MP+9, Self, Dev} (curse)
MPRegen 0.22/turn

%: guardian spirit
@: mighty
A: fangs 3, regeneration 1, magic shield, antimagic bite, no potion heal 2
a: Renounce Religion, Shatter the Chains


You were on level 12 of the Dungeon.
You worshipped Ashenzari.
Ashenzari was pleased with you.
You visited 1 branch of the dungeon, and saw 13 of its levels.

You collected 396 gold pieces.

Inventory:

Hand Weapons
 a - a +3 scimitar of freezing (weapon)
 b - a +2 dagger of venom
 m - a +2 falchion of electrocution
Missiles
 j - 2 javelins
 o - 2 atropa-tipped darts
 q - 8 boomerangs (quivered)
 w - 5 poisoned darts
Armour
 c - the cursed +0 helmet "Gnosis of Ashenzari" (worn) {Cun, Fort}

   It has a curse which improves the following skills: Cunning: Dodging and
   Stealth.
   Fortitude: Armour and Shields.
 k - a +0 pair of gloves (worn)
 r - +0 ice dragon scales
 s - +0 acid dragon scales
 u - the cursed +0 swamp dragon scales "Sorrow of Ashenzari" (worn) {rPois, Melee, Bglg}
   (You took it off Maggie on level 7 of the Dungeon)

   rPois:     It protects you from poison It has a curse which improves the
   following skills: Melee Combat: Short Blades, Long Blades, Axes, Maces &
   Flails, Polearms, Staves and Unarmed Combat.
   Beguiling: Conjurations, Hexes and Translocations.
 A - a +0 troll leather armour
 D - a +2 pair of boots (worn)
Jewellery
 p - a ring of poison resistance
 M - the cursed ring of the Shattered Omen (right hand) {MP+9, Self, Dev}
   (You found it on level 1 of the Dungeon)

   [ring of magical power]

   MP+9:      It affects your magic capacity (+9).
   It has a curse which improves the following skills: Introspection: Fighting
   and Spellcasting.
   Devices:   Evocations and Shapeshifting.
 P - the cursed ring "Restrained Vision" (left hand) {MP+9, Fort, Comp}
   (You found it on level 1 of the Dungeon)

   [ring of magical power]

   MP+9:      It affects your magic capacity (+9).
   It has a curse which improves the following skills: Fortitude: Armour and
   Shields.
   Companions: Summonings and Necromancy.
Wands
 i - a wand of digging (4)
 v - a wand of acid (6)
 C - a wand of iceblast (2)
Scrolls
 e - a scroll of revelation
 l - a scroll of amnesia
 n - a scroll of poison
 y - a scroll of enchant weapon
 B - 2 scrolls of immolation
Potions
 d - 2 potions of enlightenment
 f - 2 potions of mutation
 h - a potion of might
 t - 4 potions of curing
 x - a potion of ambrosia
 z - a potion of haste
 E - a potion of lignification


   Skills:
 + Level 7.0(8.1) Fighting
 - Level 12.9(14.0) Long Blades
 - Level 4.0(5.1) Staves
 - Level 1.7 Throwing
 + Level 3.4(5.0) Armour
 - Level 3.0(4.0) Dodging
 - Level 5.3(6.4) Evocations


You had 10 spell levels left.
You didn't know any spells.
Your spell library contained the following spells:

 Spells                   Type           Power      Damage    Failure   Level
 Call Canine Familiar     Summ           0%         N/A       90%         3
 Sigil of Binding         Hex            0%         N/A       90%         3
 Dimensional Bullseye     Hex/Tloc       0%         N/A       100%        4
 Leda's Liquefaction      Hex/Erth       0%         N/A       100%        4


Dungeon Overview and Level Annotations

Branches:
Dungeon (13/15)              Lair (0/5) D:11
 Temple: D:4-7          Orc: D:9-12      Vaults: D:13-14

Altars:
Ashenzari
Kikubaaqudgha
Ru
Trog
Vehumet

Shops:
D:2 [   D:7 =   D:8 (   D:11 ?

Annotations:
D:9 Pikel
D:10 exclusion: downstairs
D:11 exclusion: 2 downstairs


Innate Abilities, Weirdness & Mutations

You have razor-sharp teeth.
Your natural rate of healing is unusually fast.
When hurt, damage is shared between your health and your magic reserves.
Your bite disrupts and absorbs the magic of your enemies.
Potions cannot restore your health.


Message History

The slime creature barely misses you.
A very large slime creature splits.
Two slime creatures merge to form a very large slime creature.
The slime creature hits you.
* * * LOW HITPOINT WARNING * * *
The slime creature attacks as it pursues you!
The slime creature barely misses you.
Your surroundings seem slightly different.
Okay, then.
Unknown command.
Okay, then.
You feel very mighty all of a sudden. The slime creature barely misses you.
You slash the slime creature! You freeze the slime creature.
You bite the slime creature! You drain its power.
You feel invigorated.
The slime creature is heavily wounded.
Two slime creatures merge to form an enormous slime creature.
You slash the enormous slime creature! You freeze the enormous slime creature.
You bite the enormous slime creature! You drain its power.
The enormous slime creature is moderately wounded.
The slime creature hits you.
You slash the enormous slime creature! You freeze the enormous slime creature.
The enormous slime creature is moderately wounded.
The slime creature misses you.
You slash the enormous slime creature! You freeze the enormous slime creature.
Your bite misses the enormous slime creature.
The enormous slime creature is moderately wounded.
An enormous slime creature splits.
You slice the large slime creature!! You freeze the large slime creature.
You bite the large slime creature. You drain its power.
You feel invigorated.
The large slime creature is severely wounded.
The slime creature hits you.
You slash the large slime creature! You freeze the large slime creature.
You bite the large slime creature! You drain its power.
You feel invigorated.
The large slime creature is almost dead.
The large slime creature hits you!!
* * * LOW HITPOINT WARNING * * *
The large slime creature hits you!!
* * * LOW HITPOINT WARNING * * *
The slime creature hits you!
You die...

........##
#....# ......
##....# ....#
###.....#
##.......#
#........#
##........##
#..........#
#JJ........#
#@J...>....#
#...........#
###.......###
#########


You could see 2 large slime creatures and a slime creature.

Vanquished Creatures
  3 death yaks (D:11)
  A two-headed ogre (D:12)
  A deep elf pyromancer (D:9)
  A cyclops (D:11)
  Maggie (D:7)
  A troll (D:11)
  A polar bear (D:9)
  A hornet (D:9)
  Prince Ribbit (D:7)
  3 slime creatures (D:12)
  3 shadows
  A wyvern (D:8)
  12 yaks
  2 unseen horror simulacra (D:9)
  A steam dragon (D:6)
  An acid dragon (D:8)
  2 ice beasts
  An orc warrior (D:10)
  An ogre (D:5)
  2 wolves (D:9)
  2 centaurs
  2 lemures (D:8)
  A kobold brigand (D:8)
  A bullfrog (D:8)
  2 gnoll sergeants
  2 scorpions
  17 wights
  2 killer bees (D:7)
  3 electric eels
  A howler monkey (D:8)
  A jelly (D:4)
  7 orc priests
  2 hounds (D:4)
  An iguana (D:4)
  2 orc wizards (D:10)
  3 hell rats (D:11)
  Natasha (D:3)
  11 adders
  10 gnolls
  2 white imps (D:9)
  An ufetubus (D:9)
  3 dart slugs
  26 orcs
  5 ball pythons
  2 bat zombies (D:9)
  7 endoplasms
  5 giant cockroaches
  2 goblins
  5 hobgoblins
  8 kobolds
  A quokka (D:11)
  2 bats
  2 frilled lizards
  4 rats
  A rat zombie (D:9)
187 creatures vanquished.

Notes
Turn   | Place    | Note
-------+----------+-------------------------------------------
     0 | D:1      | ipx the Vine Stalker Gladiator began the quest for the Orb.
     0 | D:1      | Reached XP level 1. HP: 11/11 MP: 2/2
   155 | D:1      | Reached XP level 2. HP: 15/15 MP: 3/3
   213 | D:2      | Found a faded altar of an unknown god.
   228 | D:2      | Reached XP level 3. HP: 18/18 MP: 4/4
   259 | D:2      | Found Passesm's Armour Emporium.
   428 | D:3      | Found a transporter.
   456 | D:3      | Found a transporter.
   473 | D:3      | Reached skill level 1 in Long Blades
   473 | D:3      | Reached skill level 1 in Evocations
   473 | D:3      | Reached XP level 4. HP: 20/23 MP: 5/5
   476 | D:3      | Reached XP level 5. HP: 26/26 MP: 6/6
   557 | D:3      | Reached skill level 2 in Long Blades
   607 | D:3      | Noticed Natasha
   609 | D:3      | Killed Natasha
   638 | D:4      | Noticed an ice beast
   642 | D:4      | Killed an ice beast
   643 | D:4      | Reached skill level 3 in Long Blades
   643 | D:4      | Reached XP level 6. HP: 30/30 MP: 7/7
   687 | D:4      | Reached skill level 4 in Long Blades
   688 | D:4      | Found a bloodstained altar of Trog.
   757 | D:5      | Entered Level 5 of the Dungeon
   863 | D:5      | Reached skill level 5 in Long Blades
   863 | D:5      | Reached XP level 7. HP: 24/34 MP: 8/8
  1023 | D:5      | Found a radiant altar of Vehumet.
  1283 | D:4      | Reached skill level 6 in Long Blades
  1485 | D:6      | Found a broken altar of Ashenzari.
  1486 | D:6      | Found a sacrificial altar of Ru.
  1497 | D:6      | Became a worshipper of Ashenzari the Shackled
  1560 | D:6      | Noticed a steam dragon
  1579 | D:6      | Killed a steam dragon
  1616 | D:6      | Reached skill level 7 in Long Blades
  1616 | D:6      | Gained mutation: You have razor-sharp teeth. [Vine Stalker
                  | growth]
  1616 | D:6      | Reached XP level 8. HP: 38/38 MP: 9/9
  1706 | D:7      | Noticed Prince Ribbit
  1716 | D:7      | Killed Prince Ribbit
  1717 | D:7      | Reached skill level 8 in Long Blades
  1857 | D:7      | Found Qatwamim's Jewellery Emporium.
  1857 | D:7      | Noticed Maggie
  1884 | D:7      | Killed Maggie
  1885 | D:7      | Reached skill level 9 in Long Blades
  1885 | D:7      | Reached XP level 9. HP: 42/42 MP: 10/10
  2001 | D:8      | Found Voeqe's Antique Weapon Shop.
  2075 | D:9      | Reached skill level 10 in Long Blades
  2083 | D:10     | Entered Level 10 of the Dungeon
  2132 | D:9      | Noticed Pikel
  2232 | D:8      | Reached skill level 5 in Evocations
  2277 | D:8      | HP: 2/42 [wyvern (4)]
  2279 | D:8      | Reached XP level 10. HP: 3/47 MP: 4/11
  2320 | D:6      | Reached skill level 11 in Long Blades
  2369 | D:6      | Reached * piety under Ashenzari
  2657 | D:9      | Noticed a deep elf pyromancer
  2667 | D:9      | Killed a deep elf pyromancer
  2747 | D:9      | Paralysed by a hornet for 2 turns
  2755 | D:9      | Reached skill level 12 in Long Blades
  2788 | D:9      | Reached ** piety under Ashenzari
  2896 | D:9      | Found an ancient bone altar of Kikubaaqudgha.
  3152 | D:11     | Noticed a cyclops
  3227 | D:10     | Reached XP level 11. HP: 29/54 MP: 12/12
  3298 | D:12     | Reached skill level 5 in Fighting
  3305 | D:12     | Noticed a purple ugly thing
  3356 | D:12     | Noticed a white ugly thing
  3363 | D:11     | Found Mehoj's Magic Scroll Shoppe.
  3380 | D:11     | Killed a cyclops
  3415 | D:11     | Noticed a death yak
  3417 | D:11     | Found a staircase to the Lair.
  3417 | D:11     | Noticed a death yak
  3417 | D:11     | Noticed a death yak
  3430 | D:11     | Killed a death yak
  3431 | D:11     | Reached skill level 1 in Armour
  3432 | D:11     | Killed a death yak
  3436 | D:11     | Killed a death yak
  3585 | D:12     | Noticed a two-headed ogre
  3588 | D:12     | Killed a two-headed ogre
  3651 | D:12     | HP: 3/60 [large slime creature (8)]
  3651 | D:12     | Mangled by a slime creature

Illustrated notes

Levels and vault maps discovered:
D:1:      ldierk_walled_garden_2, layout_loops_ring
D:2:      layout_basic, serial_shops, shop,
          hellmonk_ecumenical_altar_heavens_door, kennysheep_generic_room_2
D:3:      gammafunk_steamed_eel, layout_loops_corners, grunt_ministairs_8,
          uniq_terence, uniq_natasha
D:4:      layout_basic, mainiacjoe_overflow_catwalk
D:5:      layout_basic, nicolae_overflow_hidden_temple, kennysheep_little_box,
          uniq_ijyb
D:6:      layout_basic, amethyst_overflow_temple_binary,
          minmay_temple_entry_statues, chequers_big_river, uniq_sigmund,
          uniq_menkaure, uniq_grinder
D:7:      layout_loops_ring, serial_shops, nicolae_shop_trees,
          kennysheep_potato, uniq_prince_ribbit1, uniq_maggie
D:8:      layout_cave_pools, serial_shops, nicolae_shop_real_fake_doors
D:9:      layout_roguey, lemuel_zombie_altar_kikubaaqudgha, serial_ice,
          serial_ice_o, serial_ice_a, serial_ice_d, serial_ice_c, serial_ice_h,
          serial_ice_e, serial_ice_n, serial_ice_f, uniq_pikel
D:10:     layout_rooms, erik_orc_2
D:11:     layout_basic, dpeg_lair_monsters, serial_shops, shop
D:12:     layout_cave_pods
D:13:     layout_loops_cross, grunt_decor_junction, drop_trap, uniq_frances,
          uniq_erolcha

Skill      XL: |  1  2  3  4  5  6  7  8  9 10 11 |
---------------+----------------------------------+-----
Staves         | 3 4 |  4.0
Long Blades    | 1 3 5 7 9 10 12 | 12.9
Evocations     | 1 2 5 |  5.3
Fighting       | 2 3 7 |  7.0
Dodging        | 3 |  3.0
Armour         | 3 |  3.4
Throwing       | |  1.7

Action                     |  1- 3 |  4- 6 |  7- 9 | 10-12 || total
---------------------------+-------+-------+-------+-------++-------
  Melee: Quarterstaff      |    54 |       |       |       ||    54
         Bite              |    14 |    10 |    66 |    87 ||   177
         Falchion          |       |    48 |   192 |   231 ||   471
         Punch             |       |     1 |     3 |     2 ||     6
         Dagger            |       |       |    20 |       ||    20
         Scimitar          |       |       |       |    14 ||    14
  Throw: Throwing net      |       |     1 |     5 |     1 ||     7
         Boomerang         |       |    10 |    32 |    84 ||   126
         Dart              |       |     3 |     1 |     2 ||     6
         Javelin           |       |     3 |     5 |       ||     8
 Invoke: Curse Item        |       |       |     1 |     3 ||     4
  Evoke: Wand              |     4 |    11 |    13 |     6 ||    34
    Use: Scroll            |       |     5 |     3 |     2 ||    10
         Potion            |       |       |       |     2 ||     2
   Stab: Sleeping          |     5 |       |       |       ||     5
 Armour: Leather armour    |    23 |       |       |       ||    23
         Chain mail        |     1 |    46 |   109 |       ||   156
         Swamp dragon scal |       |       |    58 |   166 ||   224
  Dodge: Dodged            |    36 |    24 |    84 |   106 ||   250

Table legend: (Time is in decaauts)
 A = Elapsed time spent in this place.
 B = Non-inter-level travel time spent in this place.
 C = Inter-level travel time spent in this place.
 D = Time resting spent in this place.
 E = Time spent auto-exploring this place.
 F = Levels seen in this place.
 G = Mean time per level.
                   A        B        C        D        E       F      G
               +--------+--------+--------+--------+--------+-----+--------+
         Total |   3594 |   3409 |    185 |      0 |      0 |  13 |  276.5 |
       Dungeon |   3594 |   3409 |    185 |      0 |      0 |  13 |  276.5 |
               +--------+--------+--------+--------+--------+-----+--------+

Top non-repeatable levels by time:
     D:4: 543 daAuts
     D:8: 452 daAuts
     D:9: 343 daAuts
     D:3: 327 daAuts
     D:6: 324 daAuts
    D:10: 317 daAuts
     D:7: 313 daAuts
    D:11: 305 daAuts
     D:1: 207 daAuts
     D:2: 195 daAuts
     D:5: 182 daAuts
    D:12: 78 daAuts
    D:13: 1 daAuts
